 Dungeon Crawl Stone Soup version 0.21.1-1-g345015f (webtiles) character file.

255 tidbits the Chiller (level 6, -2/66 HPs)
             Began as a Gnoll Ice Elementalist on Mar 29, 2018.
             Slain by VLARC's ghost (20 damage)
             ... on level 4 of the Dungeon.
             The game lasted 00:08:43 (794 turns).

tidbits the Chiller (Gnoll Ice Elementalist)         Turns: 794, Time: 00:08:44

Health: -2/66      AC: 23    Str: 11    XL:     6   Next: 15%
Magic:  5/13       EV:  2    Int: 23    God:
Gold:   5          SH:  0    Dex: 13    Spells: 9/15 levels left

rFire    . . .     SeeInvis .     - Unarmed
rCold    . . .     Gourm    .   (no shield)
rNeg     + + +     Faith    .   (armour currently unavailable)
rPois    +         Spirit   .   (helmet currently unavailable)
rElec    .         Reflect  .   (cloak currently unavailable)
rCorr    .         Harm     .   (gloves currently unavailable)
MR       .....     NoTele   +   (boots currently unavailable)
Stlth    +++.......             (no amulet)
HPRegen  0.21/turn              m - ring of positive energy
MPRegen  0.13/turn              (no ring)

@: tree-form
A: distributed training, clever 2, clumsy 1, strong nose
a: no special abilities


You were on level 4 of the Dungeon.
You were not hungry.
You were a tree.
You visited 1 branch of the dungeon, and saw 4 of its levels.

You collected 105 gold pieces.
You spent 100 gold pieces at shops.

Inventory:

Hand Weapons
 a - a +0 dagger
 f - a +0 dagger
 k - a +0 hunting sling
 p - a +0 short sword
 q - a +0 long sword
Missiles
 l - 78 stones
 t - 19 arrows
 u - 6 tomahawks (quivered)
Armour
 e - a +0 buckler
 j - a +0 robe (melded)
Jewellery
 m - a ring of positive energy (left branch)
   (You found it on level 1 of the Dungeon)
Scrolls
 o - 2 scrolls of magic mapping {unknown}
 s - a scroll of fear {unknown}
 v - a scroll of enchant armour {unknown}
 x - a scroll of remove curse {unknown}
 y - a scroll of immolation {unknown}
 z - a scroll of fog {unknown}
 A - 2 scrolls of teleportation {unknown}
Potions
 h - a potion of invisibility {unknown}
 i - a potion of lignification
 n - 2 potions of agility {unknown}
 r - 2 potions of might {unknown}
 w - a potion of magic {unknown}
Books
 b - a book of Frost

   Spells                             Type                      Level
   a - Freeze                         Ice                          1
   b - Throw Frost                    Conjuration/Ice              2
   c - Ozocubu's Armour               Charms/Ice                   3
   d - Throw Icicle                   Conjuration/Ice              4
   e - Summon Ice Beast               Ice/Summoning                4
Comestibles
 c - 6 rations


   Skills:
 + Level 1.8 Fighting
 + Level 1.8 Short Blades
 + Level 1.8 Long Blades
 + Level 1.8 Axes
 + Level 1.8 Maces & Flails
 + Level 1.8 Polearms
 + Level 1.8 Staves
 + Level 1.8 Slings
 + Level 1.8 Bows
 + Level 1.8 Crossbows
 + Level 1.8 Throwing
 + Level 1.8 Armour
 + Level 4.9 Dodging
 + Level 4.5 Stealth
 + Level 1.8 Shields
 + Level 1.8 Unarmed Combat
 + Level 5.3 Spellcasting
 + Level 2.5 Conjurations
 + Level 1.4 Hexes
 + Level 1.4 Charms
 + Level 1.4 Summonings
 + Level 1.4 Necromancy
 + Level 1.4 Translocations
 + Level 1.4 Transmutations
 + Level 1.4 Fire Magic
 + Level 5.6 Ice Magic
 + Level 1.4 Air Magic
 + Level 1.4 Earth Magic
 + Level 1.4 Poison Magic
 + Level 2.0 Invocations
 + Level 1.8 Evocations


You had 9 spell levels left.
You knew the following spells:

 Your Spells              Type           Power        Failure   Level  Hunger
a - Freeze                Ice            ####         1%          1    None
j - Throw Frost           Conj/Ice       ###...       2%          2    None
o - Ozocubu's Armour      Chrm/Ice       ###.....     6%          3    ##.....


Dungeon Overview and Level Annotations

Branches:
Dungeon (4/15)
 Temple: D:4-7

Altars:

Shops:
D:4 *}([

Annotations:
D:4 VLARC's ghost, amateur TeHu


Innate Abilities, Weirdness & Mutations

Your experience applies equally to all skills.
((You have very sharp teeth.))
Your uncanny sense of smell can sniff out nearby items.
Your mind is very acute. (Int +4)
You are clumsy. (Dex -2)


Message History

Natasha, Servant of Life and Death comes into view.
You see here a spear.
Found a fuming amethyst potion.
Natasha hisses angrily.
Natasha completely misses you.
Casting: Freeze
Confirm with . or Enter, or press ? or * to list all spells.
Aiming: Freeze
Press: ? - help, Shift-Dir - straight line, f - Natasha
Aim: Natasha You freeze Natasha.
Natasha is heavily wounded.
Natasha casts a spell.
Casting: Freeze
Confirm with . or Enter, or press ? or * to list all spells.
Aiming: Freeze
Press: ? - help, Shift-Dir - straight line, f/p - Natasha
Aim: Natasha (heavily wounded)
You freeze Natasha.
Natasha is severely wounded.
Natasha casts a spell at you. You resist with some effort.
Casting: Freeze
Confirm with . or Enter, or press ? or * to list all spells.
Aiming: Freeze
Press: ? - help, Shift-Dir - straight line, f/p - Natasha
Aim: Natasha (severely wounded)
You freeze Natasha.
You kill Natasha!
You feel Natasha's spirit has finally been put to rest.
The white imp disappears in a puff of smoke!
Your Invocations skill increases to level 2!
You see here a fuming amethyst potion.
r - 2 fuming amethyst potions (gained 1)
Okay, then.
Okay, then.
Unknown command.
It was a potion of lignification.
You turn into a tree.
Your +0 robe melds into your body.
Your roots penetrate the ground.
Wield which item (- for none, * to show all)? (? for menu, Esc to quit)
You are now empty-handed.
Okay, then.
Throwing (i - inventory. (,) - cycle):
u - 7 tomahawks (quivered)
Press: ? - help, Shift-Dir - straight line, f - VLARC's ghost
Aim: VLARC's ghost, wielding a weapon of electrocution You throw a tomahawk.
The tomahawk misses VLARC's ghost.
You completely miss VLARC's ghost.
VLARC's ghost hits you but does no damage.
You hit VLARC's ghost.
VLARC's ghost is lightly damaged.
VLARC's ghost hits you but does no damage.
You are electrocuted!
You hit VLARC's ghost.
VLARC's ghost is lightly damaged.
VLARC's ghost hits you.
You miss VLARC's ghost.
VLARC's ghost is lightly damaged.
VLARC's ghost hits you but does no damage.
You are electrocuted!
It was a potion of curing.
You feel better.
VLARC's ghost hits you but does no damage.
You are electrocuted!
* * * LOW HITPOINT WARNING * * *
You feel much better.
VLARC's ghost hits you but does no damage.
You hit VLARC's ghost but do no damage.
VLARC's ghost is lightly damaged.
VLARC's ghost hits you.
You hit VLARC's ghost.
VLARC's ghost is lightly damaged.
VLARC's ghost hits you but does no damage.
You hit VLARC's ghost.
VLARC's ghost is moderately damaged.
VLARC's ghost hits you but does no damage.
You are electrocuted!
* * * LOW HITPOINT WARNING * * *
It was a potion of mutation.
You feel extremely strange.
You feel clumsy.
You feel clever. x2
VLARC's ghost hits you but does no damage.
Unknown command.
You smack VLARC's ghost!
VLARC's ghost is heavily damaged.
VLARC's ghost stares at you.
VLARC's ghost hits you but does no damage.
You are electrocuted!
* * * LOW HITPOINT WARNING * * *
You feel much better.
VLARC's ghost hits you but does no damage.
You are electrocuted!
* * * LOW HITPOINT WARNING * * *
Okay, then.
You hit VLARC's ghost.
VLARC's ghost is heavily damaged.
VLARC's ghost hits you but does no damage.
You completely miss VLARC's ghost.
VLARC's ghost is heavily damaged.
VLARC's ghost hits you.
* * * LOW HITPOINT WARNING * * *
You are electrocuted!
You die...

..?....W....)..# #.#
####.# ......#######..#
#.# #...<# ####..# #..#
#######.##.###.#
#......###..###.........#
###a #..
#........#.#####.#.###...
#.........§.....#
#.#.##....
#..#######.!#(###
##.##.a.... #.. .....#W#
#..###..... ####.##♣#
#.## ###... ..##.# #.#
#### #####.# #.# # #.#
#.# # #.# #.######### #.#
#.##....... #.#
#.##.###### #.#
####.##.#### #≈≈≈.......#


You could see VLARC's ghost.

Vanquished Creatures
  A howler monkey (D:4)
  Natasha (thrice) (D:4)
  An iguana (D:4)
  A worker ant (D:4)
  5 adders
  An ooze (D:1)
  A worm (D:2)
  A dart slug (D:2)
  2 leopard geckos
  5 orcs (D:3)
  6 bats
  2 goblins (D:2)
  A hobgoblin (D:3)
  4 jackals (D:1)
  2 kobolds (D:2)
  A quokka (D:2)
  A frilled lizard (D:2)
  2 rats (D:3)
40 creatures vanquished.

Notes
Turn   | Place    | Note
-------+----------+-------------------------------------------
     0 | D:1      | tidbits the Gnoll Ice Elementalist began the quest for the Orb.
     0 | D:1      | Reached XP level 1. HP: 13/13 MP: 6/6
    30 | D:1      | Reached skill level 2 in Conjurations
    34 | D:1      | Reached XP level 2. HP: 13/19 MP: 0/7
   207 | D:1      | Learned a level 2 spell: Throw Frost
   272 | D:2      | Reached XP level 3. HP: 25/25 MP: 7/9
   277 | D:2      | Learned a level 3 spell: Ozocubu's Armour
   331 | D:2      | Reached skill level 5 in Spellcasting
   374 | D:2      | Reached skill level 1 in Invocations
   430 | D:4      | Found Buicir's Armour Emporium.
   456 | D:4      | Reached skill level 1 in Fighting
   456 | D:4      | Reached skill level 1 in Short Blades
   456 | D:4      | Reached skill level 1 in Long Blades
   456 | D:4      | Reached skill level 1 in Axes
   456 | D:4      | Reached skill level 1 in Maces & Flails
   456 | D:4      | Reached skill level 1 in Polearms
   456 | D:4      | Reached skill level 1 in Staves
   456 | D:4      | Reached skill level 1 in Slings
   456 | D:4      | Reached skill level 1 in Bows
   456 | D:4      | Reached skill level 1 in Crossbows
   456 | D:4      | Reached skill level 1 in Throwing
   456 | D:4      | Reached skill level 1 in Armour
   456 | D:4      | Reached skill level 1 in Shields
   456 | D:4      | Reached skill level 1 in Unarmed Combat
   456 | D:4      | Reached skill level 1 in Evocations
   456 | D:4      | Reached XP level 4. HP: 23/32 MP: 8/11
   594 | D:3      | Reached skill level 1 in Hexes
   594 | D:3      | Reached skill level 1 in Charms
   594 | D:3      | Reached skill level 1 in Summonings
   594 | D:3      | Reached skill level 1 in Necromancy
   594 | D:3      | Reached skill level 1 in Translocations
   594 | D:3      | Reached skill level 1 in Transmutations
   594 | D:3      | Reached skill level 1 in Fire Magic
   594 | D:3      | Reached skill level 1 in Air Magic
   594 | D:3      | Reached skill level 1 in Earth Magic
   594 | D:3      | Reached skill level 1 in Poison Magic
   684 | D:4      | Found Fueki's Antique Weapon Shop.
   700 | D:4      | Noticed Natasha
   703 | D:4      | Reached XP level 5. HP: 37/37 MP: 10/12
   708 | D:4      | Killed Natasha
   715 | D:4      | Found Fidinof's General Store.
   728 | D:4      | Bought 2 potions of heal wounds for 100 gold pieces
   738 | D:4      | Found Qategepn's Gadget Shoppe.
   742 | D:4      | Noticed Natasha
   749 | D:4      | Killed Natasha
   753 | D:4      | Reached XP level 6. HP: 41/44 MP: 3/13
   759 | D:4      | Noticed VLARC's ghost (amateur TeHu)
   765 | D:4      | Noticed Natasha
   773 | D:4      | Killed Natasha
   773 | D:4      | Reached skill level 2 in Invocations
   790 | D:4      | Gained mutation: You are clumsy. (Dex -2) [potion of mutation]
   790 | D:4      | Gained mutation: Your mind is acute. (Int +2) [potion of mutation]
   790 | D:4      | Gained mutation: Your mind is very acute. (Int +4) [potion of mutation]
   794 | D:4      | Slain by VLARC's ghost

Skill      XL: |  1  2  3  4  5  6 |
---------------+-------------------+-----
Conjurations   | 2 |  2.5
Spellcasting   | 5 |  5.3
Invocations    | 1 2 |  2.0
Fighting       | 1 |  1.8
Short Blades   | 1 |  1.8
Long Blades    | 1 |  1.8
Axes           | 1 |  1.8
Maces & Flails | 1 |  1.8
Polearms       | 1 |  1.8
Staves         | 1 |  1.8
Slings         | 1 |  1.8
Bows           | 1 |  1.8
Crossbows      | 1 |  1.8
Throwing       | 1 |  1.8
Armour         | 1 |  1.8
Shields        | 1 |  1.8
Unarmed Combat | 1 |  1.8
Evocations     | 1 |  1.8
Hexes          | 1 |  1.4
Charms         | 1 |  1.4
Summonings     | 1 |  1.4
Necromancy     | 1 |  1.4
Translocations | 1 |  1.4
Transmutations | 1 |  1.4
Fire Magic     | 1 |  1.4
Air Magic      | 1 |  1.4
Earth Magic    | 1 |  1.4
Poison Magic   | 1 |  1.4
Dodging        | |  4.9
Stealth        | |  4.5
Ice Magic      | |  5.6

Action                   |  1- 3 |  4- 6 || total
-------------------------+-------+-------++-------
Melee: Unarmed           |     3 |    10 ||    13
       Dagger            |     7 |     5 ||    12
       Bite              |     1 |       ||     1
Throw: Tomahawk          |       |     2 ||     2
 Cast: Freeze            |    22 |    35 ||    57
  Use: Potion            |       |     5 ||     5
 Stab: Sleeping          |     9 |     1 ||    10
       Distracted        |       |     1 ||     1
Armor: Robe              |     2 |     2 ||     4
       Skin              |       |    11 ||    11
Dodge: Dodged            |    20 |    20 ||    40

Table legend:
 A = Turns spent in this place as a percentage of turns spent in the entire game.
 B = Non-inter-level travel turns spent in this place as a percentage of non-inter-level travel turns spent in the entire game.
 C = Inter-level travel turns spent in this place as a percentage of turns spent in this place.
 D = Turns resting spent in this place as a percentage of non-inter-level travel turns spent in this place.
 E = Turns spent auto-exploring this place as a percentage of non-inter-level travel turns spent in this place.
 F = Non-inter-level travel turns spent in this place divided by the number of levels of this place that you've seen.
                   A       B       C       D       E      F
               +-------+-------+-------+-------+-------+----------------------
         Total | 100.0 | 100.0 |   0.0 |   0.0 |   0.0 | 198.5
       Dungeon | 100.0 | 100.0 |   0.0 |   0.0 |   0.0 | 198.5
               +-------+-------+-------+-------+-------+----------------------

Table legend:
 A = Kills in this place as a percentage of kills in entire the game.
 B = Kills by you in this place as a percentage of kills by you in the entire game.
 C = Kills by friends in this place as a percentage of kills by friends in the entire game.
 D = Other kills in this place as a percentage of other kills in the entire game.
 E = Experience gained in this place as a percentage of experience gained in the entire game.
 F = Experience gained in this place divided by the number of levels of this place that you have seen.
                   A       B       C       D       E      F
               +-------+-------+-------+-------+-------+----------------------
         Total | 100.0 | 100.0 |   N/A |   N/A | 100.0 |  91.2
       Dungeon | 100.0 | 100.0 |   N/A |   N/A | 100.0 |  91.2
               +-------+-------+-------+-------+-------+----------------------

Vault maps used:
D:1:      ncdulo_lavacross
D:3:      grunt_dithmenos_smoke, uniq_sigmund
D:4:      first_ration, serial_glass, glass_columns_c, glass_columns_a,
          serial_shops, nicolae_shop_statue_plus,
          nicolae_shop_temple_entry_statues_fountains,
          nicolae_shop_behind_doors, nicolae_shop_waterfront, shop,
          kennysheep_potato, uniq_natasha
